 Dungeon Crawl Stone Soup version 0.28-a0-793-g31680bbd8b (webtiles) character file.

Game seed: 37622429268271700

1561 Decritt the Skirmisher (level 8, -2/52 HPs)
             Began as a Gargoyle Fighter on Nov 5, 2021.
             Was an Initiate of Ru.
             Slain by a boulder beetle (54 damage)
             ... on level 6 of the Dungeon.
             The game lasted 00:39:25 (7642 turns).

Decritt the Skirmisher (Gargoyle Fighter)           Turns: 7642, Time: 00:39:26

Health: -2/52      AC: 17    Str: 22    XL:     8   Next: 89%
Magic:  8/8        EV:  8    Int: 10    God:    Ru [......]
Gold:   270        SH:  5    Dex: 10    Spells: 7/7 levels left

rFire   . . .      SeeInvis .   y - +11 broad axe "Liqi" {vorpal, Int+2}
rCold   . . .      Faith    .   c - +0 buckler
rNeg    + . .      Spirit   .   a - +0 chain mail
rPois   ∞          Reflect  .   f - +0 helmet
rElec   +          Harm     .   (no cloak)
rCorr   .          Rampage  .   (no gloves)
Will    .....                   (no boots)
Stlth   ..........              (no amulet)
HPRegen 0.17/turn               (no ring)
MPRegen 0.11/turn               (no ring)

@: no status effects
A: sickness immunity, AC +5, negative energy resistance 1, electricity
resistance, torment resistance 1, petrification resistance
a: Renounce Religion


You were on level 6 of the Dungeon.
You worshipped Ru.
Ru was noncommittal.
You visited 2 branches of the dungeon, and saw 7 of its levels.

You collected 270 gold pieces.

Inventory:

Hand Weapons
 l - a +0 mace of protection
 y - the +11 broad axe "Liqi" (weapon) {vorpal, Int+2}
   (You found it on level 6 of the Dungeon)

   It inflicts extra damage upon your enemies.
   Int:       It affects your intelligence (+2).
Missiles
 n - 8 javelins (quivered)
Armour
 a - a +0 chain mail (worn)
 c - a +0 buckler (worn)
 d - +0 steam dragon scales
 f - a +0 helmet (worn)
Jewellery
 p - a ring of willpower
Wands
 q - a wand of polymorph (13)
Scrolls
 b - 2 scrolls of vulnerability {unknown}
 e - a scroll of holy word {unknown}
 i - a scroll of enchant weapon {unknown}
 j - a scroll of teleportation {unknown}
 r - a scroll of identify
 x - a scroll of enchant armour {unknown}
 z - a scroll of fear {unknown}
Potions
 g - a potion of brilliance {unknown}
 h - a potion of attraction {unknown}
 k - 2 potions of ambrosia
 m - a potion of magic {unknown}
 o - a potion of berserk rage {unknown}
 s - a potion of flight {unknown}
 t - a potion of degeneration {unknown}
 u - a potion of heal wounds {unknown}
 v - 2 potions of might
 w - 2 potions of curing


   Skills:
 * Level 6.6 Fighting
 - Level 5.3 Maces & Flails
 * Level 6.5 Armour
 + Level 2.5 Dodging
 * Level 6.5 Shields


You had 7 spell levels left.
You didn't know any spells.
Your spell library contained the following spells:

 Spells                   Type           Power      Damage    Failure   Level
 Summon Forest            Summ/Tloc      0%         N/A       100%        5
 Summon Mana Viper        Hex/Summ       0%         N/A       100%        5
 Summon Cactus Giant      Summ           0%         N/A       100%        6


Dungeon Overview and Level Annotations

Branches:
Dungeon (6/15)             Temple (1/1) D:5

Altars:
Ashenzari
Cheibriados
Dithmenos
Elyvilon
Fedhas
Gozag
Hepliaklqana
Kikubaaqudgha
Makhleb
Nemelex Xobeh
Qazlal
Ru
Sif Muna
Trog
Uskayaw
Vehumet
Wu Jian
Xom
Yredelemnul
Zin
The Shining One

Annotations:
D:5 2 transporters, paps's ghost, weakling OpDe


Innate Abilities, Weirdness & Mutations

You are immune to sickness and miasma.
Your stone body is resilient. (AC +5)
You are immune to poison.
You resist negative energy. (rN+)
You are resistant to electric shocks. (rElec)
You are resistant to unholy torment.
You are immune to petrification.


Message History

Found a stone staircase leading down.
There is a stone staircase leading down here.
Found 17 stones.
You now have 270 gold pieces (gained 13).
Found a robe.
You see here a +0 robe.
You see here a water moccasin skeleton.
There is an open door here.
Found a leather armour.
A necrophage comes into view.
You hit the necrophage.
The necrophage is moderately damaged.
The necrophage barely misses you.
The necrophage hits you but does no damage.
You slash the necrophage!
The necrophage is almost destroyed.
The necrophage hits you but does no damage.
You slash the necrophage!
You destroy the necrophage!
Found 14 stones.
You see here 14 stones.
You open the door.
There is an open door here.
Ru believes you are ready to make a new sacrifice.
Okay, then.
Okay, then.
Do you really want to reject the sacrifices Ru is offering?
Uppercase [Y]es or [N]o only, please.
Do you really want to reject the sacrifices Ru is offering?
Ru will take longer to evaluate your readiness.
There is an open door here.
Found a stone staircase leading down.
There is a stone staircase leading down here.
Key pressed, stopping explore.
z - a scroll labelled DOACSE CIMORHO A boulder beetle comes into view.
The boulder beetle curls into a ball and begins rolling!
The boulder beetle hits you!!!
Ouch! That really hurt!
You die...

...#.#.# #.# #...
...#.#.# ### ####
..#.#.##############
..#.#.##............
#.#.#.##.###########
#.#.#.##.########
#.#.#............
###........########
##...#@###############
#....#.B°°........°°○○
##.###################
###


You could see a boulder beetle (rolling).

Vanquished Creatures
  A steam dragon (D:3)
  A water moccasin (D:6)
  A black bear (D:6)
  2 necrophages
  A sky beast (D:6)
  A hornet zombie (D:6)
  2 ogres
  A centaur (D:6)
  A scorpion (D:5)
  A gnoll sergeant (D:6)
  A centaur skeleton (D:5)
  2 orc priests
  3 hounds
  4 iguanas
  Terence (D:2)
  Robin (D:2)
  6 adders
  4 gnolls
  An ufetubus (D:6)
  2 dart slugs
  7 orcs
  8 endoplasms
  7 giant cockroaches
  15 goblins
  12 hobgoblins
  3 jackals (D:2)
  3 kobolds
  2 quokkas (D:1)
  6 ball pythons
  6 bats
  4 frilled lizards
  A rat (D:1)
  A spectral goblin (D:3)
112 creatures vanquished.

Notes
Turn   | Place    | Note
-------+----------+-------------------------------------------
     0 | D:1      | Decritt the Gargoyle Fighter began the quest for the Orb.
     0 | D:1      | Reached XP level 1. HP: 14/14 MP: 1/1
   168 | D:1      | Reached XP level 2. HP: 6/19 MP: 2/2
  1247 | D:1      | Reached XP level 3. HP: 21/23 MP: 3/3
  1452 | D:2      | Noticed Terence
  1461 | D:2      | Killed Terence
  1734 | D:2      | Reached XP level 4. HP: 16/29 MP: 4/4
  2049 | D:2      | Noticed Robin
  2069 | D:2      | Killed Robin
  2072 | D:2      | Reached XP level 5. HP: 28/33 MP: 5/5
  3169 | D:3      | Reached XP level 6. HP: 36/39 MP: 6/6
  3375 | D:3      | Found a faded altar of an unknown god.
  3380 | D:3      | Reached skill level 1 in Dodging
  3582 | D:4      | Noticed a steam dragon
  3616 | D:3      | Killed a steam dragon
  4284 | D:4      | Reached XP level 7. HP: 44/44 MP: 7/7
  4290 | D:4      | Reached skill level 5 in Fighting
  4330 | D:5      | Entered Level 5 of the Dungeon
  4368 | D:5      | Reached skill level 5 in Shields
  4385 | D:5      | Noticed paps's ghost (weakling OpDe)
  4399 | D:5      | Found a transporter.
  4402 | D:5      | Noticed a toenail golem
  4430 | D:5      | Found a transporter.
  4612 | D:5      | Reached skill level 5 in Armour
  4812 | D:5      | Found a staircase to the Ecumenical Temple.
  4841 | Temple   | Entered the Ecumenical Temple
  5122 | Temple   | Became a worshipper of Ru the Awakened
  6061 | D:6      | Reached XP level 8. HP: 44/51 MP: 8/8
  6667 | D:6      | Reached skill level 5 in Maces & Flails
  6679 | D:6      | Identified the +11 broad axe "Liqi" {vorpal, Int+2}
  7633 | D:6      | Noticed a boulder beetle
  7642 | D:6      | Slain by a boulder beetle

Illustrated notes

Levels and vault maps discovered:
D:1:      dpeg_arrival_arbitrary_a, layout_basic
D:2:      layout_loops_ring, serial_park_tiny_2, uniq_terence, uniq_robin
D:3:      layout_loops_ring, dreamdust_ecumenical_altar_drowned_temple
D:4:      layout_basic
D:5:      layout_basic, temple_fountains, gammafunk_ghost_abyssal_escape
D:6:      minmay_octagon_keep, layout_basic
Temple:   regret_index_temple_sigil_plot

Skill      XL: |  1  2  3  4  5  6  7  8 |
---------------+-------------------------+-----
Fighting       | 4 5 6 |  6.6
Shields        | 4 5 6 |  6.5
Armour         | 4 5 6 |  6.5
Maces & Flails | 3 4 5 |  5.3
Dodging        | 1 2 |  2.5

Action                   |  1- 3 |  4- 6 |  7- 9 || total
-------------------------+-------+-------+-------++-------
Melee: Flail             |    65 |       |       ||    65
       Mace              |    27 |   180 |   160 ||   367
       Broad axe         |       |       |     8 ||     8
Throw: Javelin           |       |    35 |    12 ||    47
Invok: Reject Sacrifices |       |       |     1 ||     1
  Use: Scroll            |     1 |     1 |       ||     2
       Potion            |       |     3 |     1 ||     4
Armor: Scale mail        |    47 |       |       ||    47
       Chain mail        |    21 |   134 |   131 ||   286
Dodge: Dodged            |    44 |    69 |    76 ||   189
Block: Buckler           |    17 |    50 |    44 ||   111

Table legend: (Time is in decaauts)
 A = Elapsed time spent in this place.
 B = Non-inter-level travel time spent in this place.
 C = Inter-level travel time spent in this place.
 D = Time resting spent in this place.
 E = Time spent auto-exploring this place.
 F = Levels seen in this place.
 G = Mean time per level.
                   A        B        C        D        E       F      G
               +--------+--------+--------+--------+--------+-----+--------+
         Total |   7765 |   7590 |    175 |   1177 |   4822 |   7 | 1109.3 |
       Dungeon |   7459 |   7308 |    151 |   1177 |   4600 |   6 | 1243.2 |
        Temple |    305 |    281 |     24 |      0 |    222 |   1 |  305.0 |
               +--------+--------+--------+--------+--------+-----+--------+

Top non-repeatable levels by time:
     D:6: 1800 daAuts
     D:1: 1488 daAuts
     D:5: 1243 daAuts
     D:3: 1100 daAuts
     D:2: 1056 daAuts
     D:4: 770 daAuts
  Temple: 305 daAuts
